 Dungeon Crawl Stone Soup version 0.32-a0-312-g1d7162e751 (webtiles) character file.

Game seed: 8668286189869786080

210 Essalna the Magician (level 5, 0/28 HPs)
             Began as a Deep Elf Earth Elementalist on Feb 15, 2024.
             Slain by Terence
             ... wielding a +0 falchion
              (8 damage)
             ... on level 3 of the Dungeon.
             The game lasted 00:03:27 (1876 turns).

Essalna the Magician (Deep Elf Earth Elementalist)  Turns: 1876, Time: 00:03:27

Health: 0/28       AC:  2    Str:  5    XL:     5   Next: 57%
Magic:  5/14       EV: 18    Int: 22    God:
Gold:   132        SH:  0    Dex: 15    Spells: 8/14 levels left

rFire   . . .        (no weapon)
rCold   . . .        (no shield)
rNeg    . . .        a - +0 robe
rPois   .            (no helmet)
rElec   .            (no cloak)
rCorr   .            (no gloves)
SInv    .            (no boots)
Will    .....        i - amulet of regeneration
Stlth   ++           m - +5 ring of evasion
HPRegen 1.04/turn    (no ring)
MPRegen 0.14/turn

%: no passive effects
@: no status effects
A: no striking features
a: no special abilities


You were on level 3 of the Dungeon.
You visited 1 branch of the dungeon, and saw 3 of its levels.

You collected 132 gold pieces.

Inventory:

Armour
 a - a +0 robe (worn)
Jewellery
 i - an amulet of regeneration (around neck)
 m - a +5 ring of evasion (left hand)
 p - an amulet of faith
Scrolls
 c - a scroll of identify {unknown}
 d - 3 scrolls of vulnerability {unknown}
 f - a scroll of teleportation {unknown}
 j - a scroll of brand weapon {unknown}
 l - a scroll of fog {unknown}
 n - a scroll of revelation {unknown}
 o - a scroll of amnesia {unknown}
Potions
 b - a potion of magic
 e - a potion of enlightenment {unknown}
 g - 2 potions of brilliance {unknown}
 h - a potion of ambrosia {unknown}
 k - a potion of haste {unknown}


   Skills:
 + Level 0.3 Fighting
 + Level 0.4 Armour
 + Level 2.7 Dodging
 - Level 2.4 Stealth
 - Level 5.0 Spellcasting
 + Level 3.3 Conjurations
 + Level 0.0 Ice Magic
 + Level 0.0 Air Magic
 + Level 4.7 Earth Magic


You had 8 spell levels left.
You knew the following spells:

 Your Spells              Type           Power      Damage    Failure   Level
a - Sandblast             Erth           52%        2d12      1%          1
b - Freezing Cloud        Conj/Ice/Air   5%         6-21      87%         5

Your spell library contained the following spells:

 Spells                   Type           Power      Damage    Failure   Level
 Passwall                 Erth           26%        N/A       4%          3
 Stone Arrow              Conj/Erth      46%        3d9       6%          3
 Necrotise                Necr           20%        1d5       10%         1
 Mercury Vapours          Alch/Air       10%        N/A       16%         2
 Mephitic Cloud           Conj/Alch/Air  10%        N/A       19%         3
 Brom's Barrelling Bould  Conj/Erth      23%        2d4       19%         4
 Vampiric Draining        Necr           5%         2d6       30%         3
 Petrify                  Alch/Erth      15%        N/A       36%         4
 Martyr's Knell           Necr/Summ      5%         N/A       69%         4
 Curse of Agony           Necr           5%         N/A       95%         5


Dungeon Overview and Level Annotations

Branches:
Dungeon (3/15)

Altars:
Ru

Shops:
D:2 ?

Annotations:
D:3 Terence


Message History

Aiming: Sandblast (safe; 1% risk of failure)
Press: ? - help, Shift-Dir - straight line, f/p - Terence
Aim: Terence, wielding a +0 falchion, wearing a +0 scale mail and carrying a wand of flame (heavily wounded, 85% to hit)
The blast of sand hits Terence but does no damage.
Terence is heavily wounded.
Terence barely misses you. Terence closely misses you.
Casting: Sandblast (safe; 1% risk of failure)
Confirm with . or Enter, or press ? or * to list all spells.
Aiming: Sandblast (safe; 1% risk of failure)
Press: ? - help, Shift-Dir - straight line, f/p - Terence
Aim: Terence, wielding a +0 falchion, wearing a +0 scale mail and carrying a wand of flame (heavily wounded, 85% to hit)
The blast of sand hits Terence but does no damage.
Terence is heavily wounded.
Terence closely misses you.
Casting: Sandblast (safe; 1% risk of failure)
Confirm with . or Enter, or press ? or * to list all spells.
Aiming: Sandblast (safe; 1% risk of failure)
Press: ? - help, Shift-Dir - straight line, f/p - Terence
Aim: Terence, wielding a +0 falchion, wearing a +0 scale mail and carrying a wand of flame (heavily wounded, 85% to hit)
The blast of sand hits Terence.
Terence is heavily wounded.
Terence closely misses you.
Terence zaps a wand.
The puff of flame hits you.
Casting: Sandblast (safe; 1% risk of failure)
Confirm with . or Enter, or press ? or * to list all spells.
Aiming: Sandblast (safe; 1% risk of failure)
Press: ? - help, Shift-Dir - straight line, f/p - Terence
Aim: Terence, wielding a +0 falchion, wearing a +0 scale mail and carrying a wand of flame (heavily wounded, 85% to hit)
The blast of sand hits Terence but does no damage.
Terence is heavily wounded.
Terence zaps a wand.
The puff of flame hits you!
Casting: Sandblast (safe; 1% risk of failure)
Confirm with . or Enter, or press ? or * to list all spells.
Aiming: Sandblast (safe; 1% risk of failure)
Press: ? - help, Shift-Dir - straight line, f/p - Terence
Aim: Terence, wielding a +0 falchion, wearing a +0 scale mail and carrying a wand of flame (heavily wounded, 85% to hit)
The blast of sand misses Terence.
Terence hits you with a +0 falchion.
* * * LOW HITPOINT WARNING * * *
Terence hits you with a +0 falchion!
You die...
Terence says, "Time to find some more victims."

................#
####.#####.#[#..#
#####...#..#
.........#..#
........(#..#
.#######.#..# #
#.# ..#
##########.#..#.#
#........@........
######
#.......@....##...
.....#
#.....$†.....#
.....#
#..............
.....#
#.......†....##..
<....#
#............. .
.....#
#............#.
..@..#
#............#.#
.....#
#...........


You could see Terence.

Vanquished Creatures
  Jessica (D:3)
  Natasha (D:3)
  6 adders
  2 dart slugs
  A ribbon worm (D:2)
  8 endoplasms
  2 giant cockroaches
  3 goblins (D:1)
  7 hobgoblins
  6 jackals
  2 quokkas (D:2)
  2 ball pythons
  5 bats
  4 frilled lizards
  2 kobolds
  6 rats
58 creatures vanquished.

Notes
Turn   | Place    | Note
-------+----------+-------------------------------------------
     0 | D:1      | Essalna the Deep Elf Earth Elementalist began the quest for
                  | the Orb.
     0 | D:1      | Reached XP level 1. HP: 10/10 MP: 6/6
   124 | D:1      | Reached XP level 2. HP: 15/15 MP: 6/8
   439 | D:1      | Reached XP level 3. HP: 19/19 MP: 7/10
   784 | D:2      | Reached skill level 4 in Spellcasting
   943 | D:2      | Found Lexuk's Magic Scroll Emporium.
   958 | D:2      | Reached XP level 4. HP: 24/24 MP: 9/12
  1037 | D:2      | Found a sacrificial altar of Ru.
  1484 | D:3      | Noticed Jessica
  1487 | D:3      | Killed Jessica
  1488 | D:3      | Reached XP level 5. HP: 28/28 MP: 11/14
  1592 | D:3      | Noticed Natasha
  1596 | D:3      | Killed Natasha
  1597 | D:3      | Reached skill level 5 in Spellcasting
  1614 | D:3      | Noticed Terence
  1800 | D:3      | Learned a level 5 spell: Freezing Cloud
  1876 | D:3      | Slain by Terence

Illustrated notes

Levels and vault maps discovered:
D:1:      psy_arrival_dodecagon, layout_basic
D:2:      layout_rooms, serial_shops, nicolae_shop_competitors_out_of_business,
          basic_altar, minmay_circle_x
D:3:      layout_basic, uniq_terence, uniq_jessica, uniq_natasha

Skill      XL: |  1  2  3  4  5 |
---------------+----------------+-----
Conjurations   | 2 3 |  3.3
Spellcasting   | 4 5 |  5.0
Earth Magic    | 4 |  4.7
Fighting       | |  0.3
Armour         | |  0.4
Dodging        | |  2.7
Stealth        | |  2.4

Action                     |  1- 3 |  4- 6 || total
---------------------------+-------+-------++-------
  Melee: Unarmed           |     1 |     2 ||     3
   Cast: Sandblast         |    38 |    51 ||    89
 Armour: Robe              |     4 |    19 ||    23
  Dodge: Dodged            |     6 |    29 ||    35

Table legend: (Time is in decaauts)
 A = Elapsed time spent in this place.
 B = Non-inter-level travel time spent in this place.
 C = Inter-level travel time spent in this place.
 D = Time resting spent in this place.
 E = Time spent auto-exploring this place.
 F = Levels seen in this place.
 G = Mean time per level.
                   A        B        C        D        E       F      G
               +--------+--------+--------+--------+--------+-----+--------+
         Total |   1920 |   1829 |     91 |      0 |   1513 |   3 |  640.0 |
       Dungeon |   1920 |   1829 |     91 |      0 |   1513 |   3 |  640.0 |
               +--------+--------+--------+--------+--------+-----+--------+

Top non-repeatable levels by time:
     D:2: 847 daAuts
     D:1: 706 daAuts
     D:3: 366 daAuts
